 Dungeon Crawl Stone Soup version 0.17.1-3-g152610e (webtiles) character file.

494 FloraKitsune the Cudgeler (level 6, -18/57 HPs)
             Began as a Minotaur Chaos Knight on Mar 27, 2016.
             Demolished by Otuaddo the merfolk
             ... wielding a +3 trident of protection
             ... created by the player character
              (31 damage)
             ... on level 5 of the Dungeon.
             The game lasted 00:07:47 (3246 turns).

FloraKitsune the Cudgeler (Minotaur Chaos Knight)   Turns: 3246, Time: 00:07:47

Health: -18/57     AC:  9    Str: 17      XL:     6   Next: 92%
Magic:  5/5        EV: 11    Int:  8      God:    Xom [..*...]
Gold:   209        SH:  0    Dex: 11 (12) Spells: 0 memorised, 5 levels left

rFire  . . .     SeeInvis .     a - +1 mace (chaos)
rCold  . . .     Clarity  .     b - +3 leather armour
rNeg   . . .     SustAt   .     (no shield)
rPois  .         Gourm    .     r - +2 hat
rElec  .         Spirit   .     v - +0 cloak
rCorr  .         Warding  .     (no gloves)
rMut   .         Stasis   .     (no boots)
MR     +....                    (no amulet)
Stlth  ++........               (no ring)
                                z - ring of stealth

@: about to teleport, somewhat resistant to hostile enchantments, unstealthy
A: retaliatory headbutt, hooves 1, horns 2, blink, magic resistance 1, spit
poison 1
a: Spit Poison, Blink, Renounce Religion


You were on level 5 of the Dungeon.
You worshipped Xom.
You were a toy of Xom.
You were not hungry.

You visited 2 branches of the dungeon, and saw 6 of its levels.

You collected 209 gold pieces.

Inventory:

Hand Weapons
 a - a +1 mace of chaos (weapon)
Armour
 b - a +3 leather armour (worn)
 r - a +2 hat (worn)
 v - a +0 cloak (worn)
Jewellery
 z - a ring of stealth (left hand)
Scrolls
 e - a scroll of enchant weapon
 f - a scroll of teleportation
 m - a scroll of enchant armour
 t - a scroll of magic mapping
 y - a scroll of identify {unknown}
Potions
 h - a potion of degeneration {unknown}
 j - a potion of cure mutation {unknown}
 k - 2 potions of lignification {unknown}
 o - a potion of poison {unknown}
 q - a potion of flight {unknown}
 u - a potion of agility {unknown}
 x - a potion of invisibility {unknown}
 A - 2 potions of curing {unknown}
Books
 n - a book of Geomancy

   Spells                             Type                      Level
   a - Sandblast                      Earth                        1
   b - Stoneskin                      Transmutation/Earth          2
   c - Passwall                       Transmutation/Earth          3
   d - Stone Arrow                    Conjuration/Earth            3
   e - Petrify                        Transmutation/Earth          4
   f - Lee's Rapid Deconstruction     Earth                        5
Comestibles
 c - 3 bread rations
 g - 4 fruits
 l - 2 beef jerkies
 p - a meat ration
 s - a chunk of flesh


   Skills:
 + Level 6.1 Fighting
 + Level 6.4 Maces & Flails
 + Level 5.4 Armour
 - Level 1.1 Dodging


You had 5 spell levels left.
You didn't know any spells.

Dungeon Overview and Level Annotations

Branches:
Dungeon (5/15)             Temple (1/1) D:5

Altars:
Ashenzari
Cheibriados
Elyvilon
Fedhas
Gozag
Kikubaaqudgha
Makhleb
Okawaru
Ru
Sif Muna
Xom
Yredelemnul
The Shining One

Annotations:
D:3 Endymion's ghost, amateur VSSk


Innate Abilities, Weirdness & Mutations

You reflexively headbutt those who attack you in melee.
You have a pair of horns on your head.
You have large cloven feet.
You can translocate small distances at will.
You are resistant to hostile enchantments.
You can spit weak poison.


Message History

You barely miss Otuaddo. You headbutt Otuaddo.
Otuaddo is lightly wounded.
You hit Otuaddo but do no damage. You kick Otuaddo, but do no damage.
Your headbutt misses Otuaddo.
Otuaddo is lightly wounded.
Otuaddo hits you with a trident of protection!
You sock Otuaddo!
Otuaddo goes berserk!
You kick Otuaddo, but do no damage.
Otuaddo is moderately wounded.
Otuaddo hits you with a trident of protection.
* * * LOW HITPOINT WARNING * * *
Otuaddo barely misses you.
You are too injured to fight recklessly!
Unknown command.
Read which item? (? for menu, Esc to quit)
As you read the scroll of teleportation, it crumbles to dust.
You feel strangely unstable.
Otuaddo hits you with a trident of protection!!
Ouch! That really hurt!
You die...
Xom titters!

#.#+#...#..........##'#######
#.............######........#
#.............# #........#
#.............# #.....)..#
.......<......# #........#
#...#+#..####.# ###........#
#..## #..# #.# #..........#
#...#.#..####.####.....######
#.....#.......)m@......#
......#.#.###.####.....#
#.....#.#+###.## #.....#
#.....#......5.. #.....#
###+#.#......... #.....#
....#...........##.....#
....####........##.....#
................# .....#
...#####........#


You could see Otuaddo the merfolk (berserk).

Vanquished Creatures
  The ghost of Endymion the Charmwright, an amateur VSSk (D:5)
  Crazy Yiuf (D:3)
  2 orc wizards (D:3)
  A worker ant (D:4)
  An orc priest (D:3)
  8 adders
  4 worms
  2 giant geckos
  4 orcs (D:3)
  A ball python (D:3)
  7 giant cockroaches
  7 goblins
  11 hobgoblins
  4 jackals (D:2)
  7 bats
  4 giant newts
  5 kobolds
  5 quokkas
  4 rats
79 creatures vanquished.

Vanquished Creatures (collateral kills)
  An ogre (D:5)
  An adder (D:5)
2 creatures vanquished.

Grand Total: 81 creatures vanquished

Notes
Turn   | Place    | Note
--------------------------------------------------------------
     0 | D:1      | FloraKitsune the Minotaur Chaos Knight began the quest for the Orb.
     0 | D:1      | Reached XP level 1. HP: 19/19 MP: 0/0
     7 | D:1      | XOM: smoke on damage
   122 | D:1      | Reached skill level 4 in Maces & Flails
   123 | D:1      | Reached XP level 2. HP: 20/27 MP: 1/1
   217 | D:1      | XOM: divination: magic mapping
   477 | D:2      | XOM: harmless Air miscast
   481 | D:2      | Reached XP level 3. HP: 26/33 MP: 2/2
   902 | D:2      | Reached XP level 4. HP: 41/41 MP: 3/3
  1363 | D:3      | Noticed Endymion's ghost (amateur VSSk)
  1370 | D:3      | XOM: polymorph rat -> river rat
  1519 | D:3      | Reached skill level 5 in Maces & Flails
  1520 | D:3      | XOM: summons 2 hostile demons
  1553 | D:3      | Reached XP level 5. HP: 32/47 MP: 4/4
  1603 | D:3      | XOM: mild Pois miscast
  1738 | D:3      | Reached skill level 5 in Fighting
  1789 | D:3      | XOM: confusion
  1933 | D:3      | Found a snail-covered altar of Cheibriados.
  2004 | D:3      | Noticed a snapping turtle
  2038 | D:3      | Noticed a wolf spider
  2041 | D:3      | Noticed a giant leech
  2041 | D:3      | a wolf spider changed into a giant leech
  2049 | D:3      | Noticed a great orb of eyes
  2049 | D:3      | a giant leech changed into a great orb of eyes
  2049 | D:3      | XOM: polymorph giant leech -> great orb of eyes
  2053 | D:3      | Noticed a moth of wrath
  2179 | D:3      | XOM: harmless Hex miscast
  2200 | D:3      | XOM: enchant monster (bad)
  2209 | D:3      | XOM: 2-stop teleportation journey
  2337 | D:3      | XOM: 1-stop teleportation journey
  2406 | D:3      | Noticed Crazy Yiuf
  2419 | D:3      | Killed Crazy Yiuf
  2690 | D:4      | Reached XP level 6. HP: 56/56 MP: 5/5
  2698 | D:4      | Found a shimmering altar of Xom.
  2719 | D:4      | Found an iron altar of Okawaru.
  2731 | D:4      | XOM: harmless Chrm miscast
  2802 | D:4      | Found a basalt altar of Yredelemnul.
  2863 | D:4      | XOM: potion effect (haste)
  3061 | D:5      | Entered Level 5 of the Dungeon
  3070 | D:5      | Found a staircase to the Ecumenical Temple.
  3083 | Temple   | Entered the Ecumenical Temple
  3090 | D:5      | Found a deep blue altar of Sif Muna.
  3187 | D:5      | Noticed Endymion's ghost (amateur VSSk)
  3190 | D:5      | XOM: summons friendly shadow imp
  3202 | D:5      | XOM: enchant monster (bad)
  3211 | D:5      | Gained mutation: You are resistant to hostile enchantments. [helix card]
  3212 | D:5      | Drew Focus: Str increased to 17, Int decreased to 8
  3214 | D:5      | Noticed Otuaddo
  3214 | D:5      | XOM: summons 6 friendly demons
  3222 | D:5      | XOM: divination: detect creatures
  3233 | D:5      | XOM: polymorph crimson imp -> white imp
  3236 | D:5      | Reached skill level 5 in Armour
  3238 | D:5      | Killed Endymion's ghost
  3238 | D:5      | Reached skill level 6 in Fighting
  3239 | D:5      | Gained mutation: You have large cloven feet. [potion of mutation]
  3239 | D:5      | Gained mutation: You can translocate small distances at will. [potion of mutation]
  3239 | D:5      | Gained mutation: You can spit weak poison. [potion of mutation]
  3246 | D:5      | Demolished by Otuaddo the merfolk

Action                   |  1- 3 |  4- 6 || total
-------------------------+-------+-------++-------
Melee: Mace              |    78 |   163 ||   241
Evoke: Deck              |       |     4 ||     4
  Use: Potion            |       |     4 ||     4
       Scroll            |       |     5 ||     5
 Stab: Petrifying        |     2 |       ||     2
       Paralysed         |     1 |     1 ||     2
       Petrified         |     1 |       ||     1
       Confused          |       |     2 ||     2
  Eat: Chunk             |       |     8 ||     8
